 Dungeon Crawl Stone Soup version 0.32-a0-732-ga344392067 (webtiles) character file.

Game seed: 9874097643805412850

618 BirdAdvisor the Sneak (level 7, -4/36 HPs)
             Began as a Vine Stalker Necromancer on Mar 16, 2024.
             Shot with an arrow by a centaur (7 damage)
             ... on level 5 of the Dungeon.
             The game lasted 00:04:38 (4411 turns).

BirdAdvisor the Sneak (Vine Stalker Necromancer)    Turns: 4411, Time: 00:04:38

Health: -4/36      AC:  3    Str: 10    XL:     7   Next: 45%
Magic:  0/14       EV: 12    Int: 21    God:
Gold:   224        SH:  0    Dex: 17    Spells: 13/14 levels left

rFire   . . .        C - +1 rapier (vamp)
rCold   . . .        (no shield)
rNeg    . . .        a - +0 robe
rPois   .            (no helmet)
rElec   .            (no cloak)
rCorr   .            q - +0 pair of gloves
SInv    .            (no boots)
Will    .....        (no amulet)
Stlth   +++          k - +6 ring of intelligence
HPRegen 1.06/turn    (no ring)
MPRegen 0.14/turn

%: guardian spirit
@: no status effects
A: fangs 2, regeneration 1, magic shield, antimagic bite, no potion heal 2
a: no special abilities


You were on level 5 of the Dungeon.
You visited 1 branch of the dungeon, and saw 5 of its levels.

You collected 224 gold pieces.

Inventory:

Hand Weapons
 d - a +0 short sword
 A - a +3 dagger
 C - a +1 vampiric rapier (weapon)
Armour
 a - a +0 robe (worn)
 p - the +1 ring mail "Ebbofag" {rPois rCorr Str-3 Slay+5}
   (You found it on level 2 of the Dungeon)

   Str-3:     It affects your strength (-3).
   Slay+5:    It affects your accuracy & damage with ranged weapons and melee
   (+5).
   rPois:     It protects you from poison.
   rCorr:     It protects you from acid and corrosion.
 q - a +0 pair of gloves (worn)
 B - a +0 hat
Jewellery
 f - an amulet of faith
 k - a +6 ring of intelligence (left hand)
 v - an amulet of regeneration
Wands
 s - a wand of warping (15)
 u - a wand of mindburst (8)
Scrolls
 e - 4 scrolls of identify {unknown}
 g - a scroll of poison {unknown}
 i - a scroll of immolation {unknown}
 n - 4 scrolls of teleportation {unknown}
 o - a scroll of blinking {unknown}
 w - a scroll of enchant weapon {unknown}
 x - a scroll of fear {unknown}
 y - a scroll of brand weapon {unknown}
 E - a scroll of silence {unknown}
Potions
 b - a potion of magic
 c - 6 potions of heal wounds {unknown}
 h - a potion of attraction {unknown}
 j - a potion of might {unknown}
 l - a potion of curing {unknown}
 m - a potion of mutation {unknown}
 r - a potion of haste {unknown}
 t - a potion of lignification {unknown}
 z - 2 potions of invisibility {unknown}
 D - 2 potions of resistance {unknown}


   Skills:
 + Level 3.5 Fighting
 + Level 3.6 Dodging
 + Level 5.7 Stealth
 - Level 4.0 Spellcasting
 - Level 4.0 Necromancy


You had 13 spell levels left.
You knew the following spells:

 Your Spells              Type           Power      Damage    Failure   Level
a - Necrotise             Necr           84%        1d8       2%          1

Your spell library contained the following spells:

 Spells                   Type           Power      Damage    Failure   Level
 Kiss of Death            Conj/Necr      48%        2d9       5%          1
 Vampiric Draining        Necr           21%        2d7       7%          3
 Freeze                   Ice            16%        1d4       12%         1
 Animate Dead             Necr           21%        N/A       22%         4
 Dispel Undead            Necr           21%        3d11      22%         4
 Confusing Touch          Hex            4%         N/A       34%         3
 Frozen Ramparts          Ice            8%         1d2       34%         3
 Hailstorm                Conj/Ice       4%         3d5       34%         3
 Curse of Agony           Necr           21%        N/A       54%         5
 Borgnjor's Vile Clutch   Necr/Erth      6%         N/A       82%         5
 Death Channel            Necr           10%        N/A       98%         6


Dungeon Overview and Level Annotations

Branches:
Dungeon (5/15)
 Temple: D:4-7

Altars:

Shops:
D:1 (


Innate Abilities, Weirdness & Mutations

You have extremely sharp teeth.
Your natural rate of healing is unusually fast.
When hurt, damage is shared between your health and your magic reserves.
Your bite disrupts and absorbs the magic of your enemies.
Potions cannot restore your health.


Message History

The centaur shoots an arrow.
The arrow closely misses you.
The centaur shoots an arrow.
The arrow hits you.
You can't see any susceptible monsters within range! (Use Z to cast anyway.)
The centaur shoots an arrow.
The arrow barely misses you.
An adder comes into view.
The centaur writhes in agony.
The centaur shoots an arrow.
The arrow closely misses you.
The centaur shoots an arrow.
The arrow hits you!
The adder writhes in agony.
The centaur shoots an arrow.
The arrow hits you!
You are too injured to fight recklessly!
You are too injured to fight recklessly!
You are too injured to fight recklessly!
You are too injured to fight recklessly!
Aiming: Mindburst
Press: ? - help, Q - select action, (/) - cycle Shift-Dir - straight line, f/p - adder
Aim: an adder (moderately wounded, chance to affect: 72%)
The adder's mind is blasted!
You blow up the adder!
The centaur shoots an arrow.
The arrow hits you!
Aiming: Mindburst
Press: ? - help, Q - select action, (/) - cycle Shift-Dir - straight line, f - centaur
Aim: a centaur, wielding a +0 shortbow (lightly wounded, chance to affect: 64%)
The centaur's mind is blasted!
The centaur shoots an arrow.
The arrow hits you!
* * * LOW HITPOINT WARNING * * *
Aiming: Mindburst
Press: ? - help, Q - select action, (/) - cycle Shift-Dir - straight line, f/p - centaur
Aim: a centaur, wielding a +0 shortbow (severely wounded, chance to affect: 64%)
The centaur struggles to resist.
The centaur shoots an arrow.
The arrow hits you!
* * * LOW HITPOINT WARNING * * *
Aiming: Mindburst
Press: ? - help, Q - select action, (/) - cycle Shift-Dir - straight line, f/p - centaur
Aim: a centaur, wielding a +0 shortbow (severely wounded, chance to affect: 64%)
The centaur struggles to resist.
Aiming: Mindburst
Press: ? - help, Q - select action, (/) - cycle Shift-Dir - straight line, f/p - centaur
Aim: a centaur, wielding a +0 shortbow (severely wounded, chance to affect: 64%)
The centaur struggles to resist.
The centaur shoots an arrow.
The arrow hits you!
You die...

....#...#
.......
#.......
.......
##......
.......
##.......
.....
##...#....
....
#...####..
##.c ##..##
##. #...###
##..## #.
#@.####..##
##.
##..##.###
#..
#.....#...##
##..
#.###....##.#
##.##
###.#####
#.## ## ###


You could see a centaur.

Vanquished Creatures
  A wraith (D:5)
  A scorpion (D:5)
  3 bombardier beetles
  A hound (D:5)
  An iguana (D:5)
  An orc wizard (D:4)
  10 adders
  2 ufetubi (D:5)
  A ribbon worm (D:4)
  2 dart slugs
  6 orcs
  11 endoplasms
  A giant cockroach (D:2)
  7 hobgoblins
  2 quokkas (D:1)
  8 ball pythons
  2 bats (D:3)
  2 frilled lizards
  6 goblins
  3 kobolds
  2 rats
73 creatures vanquished.

Vanquished Creatures (collateral kills)
  A howler monkey (D:5)
  An adder (D:5)
  A kobold (D:1)
3 creatures vanquished.

Grand Total: 76 creatures vanquished

Notes
Turn   | Place    | Note
-------+----------+-------------------------------------------
     0 | D:1      | BirdAdvisor the Vine Stalker Necromancer began the quest
                  | for the Orb.
     0 | D:1      | Reached XP level 1. HP: 9/9 MP: 4/4
   242 | D:1      | Reached XP level 2. HP: 14/14 MP: 4/6
   427 | D:1      | Found Giutyutukk's Weapon Boutique.
   528 | D:1      | Found a faded altar of an unknown god.
   790 | D:2      | Identified the +1 ring mail "Ebbofag" {rPois rCorr Str-3
                  | Slay+5}
  1012 | D:2      | Reached skill level 1 in Fighting
  1017 | D:2      | Reached skill level 3 in Stealth
  1075 | D:2      | Reached XP level 3. HP: 18/18 MP: 4/7
  1562 | D:2      | Reached XP level 4. HP: 21/22 MP: 3/9
  2227 | D:3      | Reached XP level 5. HP: 26/26 MP: 4/10
  2686 | D:4      | Reached skill level 4 in Stealth
  3116 | D:4      | HP: 1/27 [orc/+0 hand axe (1)]
  3118 | D:4      | Reached XP level 6. HP: 1/31 MP: 0/12
  3798 | D:5      | Entered Level 5 of the Dungeon
  3895 | D:5      | Reached skill level 5 in Stealth
  3908 | D:5      | Reached XP level 7. HP: 25/36 MP: 5/14
  4330 | D:5      | Noticed a wraith
  4342 | D:5      | Killed a wraith
  4409 | D:5      | HP: 1/36 [centaur/arrow (7)]
  4411 | D:5      | Shot with an arrow by a centaur

Illustrated notes

Levels and vault maps discovered:
D:1:      dpeg_arrival_orchard, layout_rooms, serial_shops, shop_fountains,
          dreamdust_ecumenical_altar_hidden_monk_grotto
D:2:      layout_loops_ring, kennysheep_generic_room_6
D:3:      layout_rooms, chequers_serial_rivers_large_b, minmay_misc_feat_five
D:4:      layout_cave_pods
D:5:      layout_layer_cave, serial_bayou_crossing

Skill      XL: |  1  2  3  4  5  6 |
---------------+-------------------+-----
Fighting       | 1 2 3 |  3.5
Stealth        | 3 4 5 |  5.7
Dodging        | 2 3 |  3.6
Spellcasting   | 3 4 |  4.0
Necromancy     | |  4.0

Action                     |  1- 3 |  4- 6 |  7- 9 || total
---------------------------+-------+-------+-------++-------
  Melee: Unarmed           |     8 |       |       ||     8
         Short sword       |     4 |       |       ||     4
         Bite              |     1 |     4 |     2 ||     7
         Dagger            |       |     9 |     4 ||    13
         Rapier            |       |       |     3 ||     3
   Cast: Necrotise         |    65 |   103 |     5 ||   173
  Evoke: Wand              |       |     6 |    13 ||    19
 Armour: Robe              |    20 |    39 |    11 ||    70
  Dodge: Dodged            |    19 |    42 |    12 ||    73

Table legend: (Time is in decaauts)
 A = Elapsed time spent in this place.
 B = Non-inter-level travel time spent in this place.
 C = Inter-level travel time spent in this place.
 D = Time resting spent in this place.
 E = Time spent auto-exploring this place.
 F = Levels seen in this place.
 G = Mean time per level.
                   A        B        C        D        E       F      G
               +--------+--------+--------+--------+--------+-----+--------+
         Total |   4434 |   4292 |    142 |    228 |   3593 |   5 |  886.8 |
       Dungeon |   4434 |   4292 |    142 |    228 |   3593 |   5 |  886.8 |
               +--------+--------+--------+--------+--------+-----+--------+

Top non-repeatable levels by time:
     D:4: 1117 daAuts
     D:2: 1101 daAuts
     D:3: 828 daAuts
     D:1: 775 daAuts
     D:5: 612 daAuts
